 Dungeon Crawl Stone Soup version 0.23.0 (webtiles) character file.

Game seed: 15516531666838165730

7980 Fuzzwah the Protected (level 11, -3/92 HPs)
             Began as a Minotaur Berserker on Feb 11, 2019.
             Was a High Priest of Trog.
             Slain by an orc knight
             ... wielding a +1 glaive
              (14 damage)
             ... on level 2 of the Orcish Mines.
             The game lasted 00:32:29 (9267 turns).

Fuzzwah the Protected (Minotaur Berserker)          Turns: 9267, Time: 00:32:30

Health: -3/92      AC: 16    Str: 23    XL:     11   Next: 3%
Magic:  10/10      EV: 10    Int:  4    God:    Trog [*****.]
Gold:   786        SH:  0    Dex: 10    Spells: 10/10 levels left

rFire    . . .     SeeInvis .   o - +2 war axe (flame)
rCold    . . .     Gourm    .   (no shield)
rNeg     . . .     Faith    .   A - +1 chain mail of Lucidity {*Slow rPois MR+++ Stlth+} (curse)
rPois    +         Spirit   .   k - +1 hat
rElec    .         Reflect  .   p - +0 cloak
rCorr    .         Harm     .   (no gloves)
MR       +++..                  (no boots)
Stlth    ..........             w - amulet of the acrobat
HPRegen  0.25/turn              (no ring)
MPRegen  0.12/turn              (no ring)

@: about to teleport, berserk cooldown, slowed, very slow
A: retaliatory headbutt, horns 2, talons 1, blurry vision 1, clumsy 1, shaggy
fur 1
a: Berserk, Trog's Hand, Brothers in Arms, Renounce Religion


You were on level 2 of the Orcish Mines.
You worshipped Trog.
Trog was extremely pleased with you.
You were not hungry.

You visited 2 branches of the dungeon, and saw 11 of its levels.

You collected 786 gold pieces.

Inventory:

Hand Weapons
 a - a +0 hand axe
 o - a +2 war axe of flaming (weapon)
 t - a +0 dire flail of crushing
Armour
 i - the +0 chain mail "Neux" {rPois rCorr Int+4 Stlth+}
   (You found it on level 8 of the Dungeon)

   It affects your intelligence (+4).
   It protects you from poison.
   It provides partial protection from all sources of acid and corrosion.
   It makes you more stealthy.
 k - a +1 hat (worn)
 p - a +0 cloak (worn)
 A - the cursed +1 chain mail of Lucidity (worn) {*Slow rPois MR+++ Stlth+}
   (You found it on level 9 of the Dungeon)

   It protects you from poison.
   It affects your resistance to hostile enchantments.
   It may slow you when you take damage.
   It makes you more stealthy.
   It has a curse placed upon it.
Jewellery
 w - an amulet of the acrobat (around neck)
 y - an uncursed amulet of magic regeneration
 E - an uncursed ring of ice
Wands
 h - a wand of paralysis (2)
 q - a wand of polymorph (6)
 x - a wand of acid (31)
 C - a wand of random effects (19)
Scrolls
 m - 4 scrolls of teleportation
 r - 2 scrolls of remove curse
 s - 4 scrolls of identify
 v - a scroll of magic mapping
 B - a scroll of fog
 D - 3 scrolls of fear
Potions
 b - 3 potions of lignification
 d - a potion of agility
 e - a potion of flight
 f - a potion of might
 g - 2 potions of heal wounds
 j - 2 potions of resistance
 l - 2 potions of mutation
 n - 2 potions of berserk rage {unknown}
 u - a potion of brilliance
 z - a potion of haste {unknown}
Comestibles
 c - 19 rations


   Skills:
 + Level 7.5 Fighting
 * Level 10.8(12.3) Axes
 - Level 10.0(11.9) Maces & Flails
 * Level 12.2 Armour
 + Level 3.8 Dodging
 + Level 1.4 Stealth


You had 10 spell levels left.
You didn't know any spells.
Your spell library was empty.

Dungeon Overview and Level Annotations

Branches:
Dungeon (9/15)             Temple (0/1) D:4             Orc (2/2) D:9
    Elf (0/3) Orc:2
   Lair: D:8-11

Altars:
Elyvilon
Fedhas
Gozag
Okawaru
Ru
Sif Muna
Trog
Vehumet
Beogh

Shops:
Orc:2 (

Annotations:
D:4 3 runed translucent doors, Blackhawk's ghost, amateur GrFi; Caerwyn's ghost, novice DEFE; Ihryk's ghost, amateur MiFi


Innate Abilities, Weirdness & Mutations

You reflexively headbutt those who attack you in melee.
You have a pair of horns on your head.
You have sharp toenails.
Scrolls take you a little longer to read.
You are clumsy. (Dex -2)
You are covered in fur. (AC +1)


Message History

You hit the orc priest. You burn the orc priest.
You kill the orc priest!
Trog accepts your kill.
You hit the orc but do no damage. You hit the orc priest.
You burn the orc priest. You closely miss the orc priest.
The orc hits you but does no damage.
The orc priest looks encouraged for a moment.
The orc priest miscasts a cantrip.
The orc knight hits you but does no damage.
The orc hits you but does no damage.
The orc priest hits you but does no damage.
You hit the orc priest. You burn the orc priest.
You kill the orc priest!
Trog accepts your kill.
You hit the orc priest. You burn the orc priest. You barely miss the orc.
The orc priest invokes the aid of Beogh against you.
Beogh smites you!
* * * LOW HITPOINT WARNING * * *
The orc knight hits you from afar with a +1 glaive!
You die...

..######.^......##)......### #..
..## #...)))..###.........####..
...####...)))..##...........#....
....#.#.........##...............
...........#..)........#.........
..........##.........####........
.........#####........# #......##
.......#####....)o#######......#
.......####.....@)o####.#......##
................)o..#...).......#
....[..........#.#o....<...).....
..#####).......###.o..[..........
.## #.........#............#....
.######.._....#)).........#####..
..#.#.#).......[.∩.......### #...
...........................# ##..
..............)<...........# #...


You could see an orc knight, an orc priest and 3 orcs.

Vanquished Creatures
  Fannar (Orc:1)
  3 trolls
  A wyvern (D:8)
  Sigmund (D:4)
  2 hungry ghosts
  Menkaure (D:7)
  4 wargs
  Edmund (D:4)
  A water moccasin (D:9)
  10 orc warriors
  2 sky beasts
  3 ice beasts
  6 ogres
  A phantom (D:6)
  6 centaurs
  7 bullfrogs
  Blork the orc (D:6)
  4 killer bees (D:8)
  A scorpion (D:5)
  2 howler monkeys
  2 crimson imps
  3 centaur skeletons
  A centaur zombie (D:5)
  3 hounds
  16 orc priests
  A bullfrog skeleton (D:5)
  6 jellies
  Crazy Yiuf (D:5)
  6 worker ants
  4 iguanas
  16 orc wizards
  A hound zombie (D:7)
  2 hound skeletons
  2 worker ant zombies
  6 gnolls
  10 adders
  A shadow imp (D:8)
  5 oozes (D:9)
  An adder skeleton (D:4)
  2 worms
  2 dart slugs
  7 leopard geckos
  53 orcs
  8 giant cockroaches
  7 goblins
  8 hobgoblins
  7 kobolds
  4 quokkas
  A ball python (D:2)
  11 bats
  5 frilled lizards
  A jackal skeleton (D:7)
  A leopard gecko skeleton (D:6)
  A quokka skeleton (D:5)
  A quokka zombie (D:8)
  7 rats
271 creatures vanquished.

Vanquished Creatures (others)
  2 withered plants (D:4)
2 creatures vanquished.

Grand Total: 273 creatures vanquished

Notes
Turn   | Place    | Note
-------+----------+-------------------------------------------
     0 | D:1      | Fuzzwah the Minotaur Berserker began the quest for the Orb.
     0 | D:1      | Reached XP level 1. HP: 19/19 MP: 0/0
   189 | D:1      | Reached XP level 2. HP: 24/27 MP: 1/1
   449 | D:1      | Reached ** piety under Trog
   585 | D:2      | Reached XP level 3. HP: 30/33 MP: 2/2
  1142 | D:2      | Noticed an ogre
  1147 | D:2      | Killed an ogre
  1147 | D:2      | Reached skill level 5 in Axes
  1147 | D:2      | Reached skill level 3 in Armour
  1147 | D:2      | Reached XP level 4. HP: 40/40 MP: 3/3
  1147 | D:2      | Reached XP level 5. HP: 46/46 MP: 4/4
  1928 | D:3      | Reached *** piety under Trog
  2043 | D:3      | Reached skill level 4 in Armour
  2208 | D:3      | Reached XP level 6. HP: 53/53 MP: 5/5
  2303 | D:3      | You fall through a shaft!
  2441 | D:4      | Noticed Sigmund
  2445 | D:4      | Killed Sigmund
  2445 | D:4      | Reached skill level 1 in Stealth
  2522 | D:4      | Found a staircase to the Ecumenical Temple.
  2567 | D:4      | Found a radiant altar of Vehumet.
  2567 | D:4      | Found a white marble altar of Elyvilon.
  2569 | D:4      | Found an opulent altar of Gozag.
  2573 | D:4      | Found a bloodstained altar of Trog.
  2573 | D:4      | Found a sacrificial altar of Ru.
  2623 | D:4      | Reached skill level 5 in Armour
  2623 | D:4      | Reached XP level 7. HP: 51/60 MP: 6/6
  2729 | D:4      | Noticed Edmund
  2742 | D:4      | Killed Edmund
  2763 | D:4      | Gained mutation: You are clumsy. (Dex -2) [potion of
                  | mutation]
  2763 | D:4      | Gained mutation: Scrolls take you a little longer to read.
                  | [potion of mutation]
  2763 | D:4      | Gained mutation: You have sharp toenails. [potion of
                  | mutation]
  2763 | D:4      | Gained mutation: You are covered in fur. (AC +1) [potion of
                  | mutation]
  2927 | D:4      | Found a runed translucent gate.
  2928 | D:4      | Found a runed translucent gate.
  2928 | D:4      | Found a runed translucent gate.
  2929 | D:4      | Noticed Blackhawk's ghost (amateur GrFi)
  2929 | D:4      | Noticed Ihryk's ghost (amateur MiFi)
  2929 | D:4      | Noticed Caerwyn's ghost (novice DEFE)
  3052 | D:5      | Entered Level 5 of the Dungeon
  3091 | D:5      | Reached skill level 6 in Armour
  3094 | D:5      | Reached skill level 5 in Fighting
  3158 | D:5      | Reached skill level 1 in Maces & Flails
  3158 | D:5      | Reached XP level 8. HP: 26/68 MP: 7/7
  3461 | D:5      | Found a runed translucent door.
  3462 | D:5      | Noticed Crazy Yiuf
  3861 | D:5      | Killed Crazy Yiuf
  3979 | D:6      | Reached skill level 7 in Armour
  4141 | D:6      | Noticed Blork the orc
  4147 | D:6      | Killed Blork the orc
  4147 | D:6      | Reached **** piety under Trog
  4804 | D:6      | Reached skill level 5 in Maces & Flails
  4808 | D:6      | Reached skill level 8 in Armour
  5215 | D:7      | Reached XP level 9. HP: 70/75 MP: 8/8
  5499 | D:7      | Noticed Menkaure
  5506 | D:7      | Killed Menkaure
  5693 | D:7      | Reached skill level 9 in Armour
  5802 | D:7      | Found a blossoming altar of Fedhas.
  6305 | D:8      | Reached skill level 10 in Armour
  6389 | D:8      | Reached ***** piety under Trog
  6519 | D:8      | Reached XP level 10. HP: 24/84 MP: 9/9
  7053 | D:8      | Got a polished chain mail
  7125 | D:8      | Identified the cursed +0 chain mail "Neux" {rPois rCorr
                  | Int+4 Stlth+} (You found it on level 8 of the Dungeon)
  7174 | D:9      | Reached skill level 10 in Axes
  7538 | D:9      | Got a steaming chain mail
  7552 | D:9      | Identified the cursed +1 chain mail of Lucidity {*Slow
                  | rPois MR+++ Stlth+} (You found it on level 9 of the
                  | Dungeon)
  7632 | D:9      | Found a staircase to the Orcish Mines.
  7736 | D:9      | Found a deep blue altar of Sif Muna.
  7737 | D:9      | Found an iron altar of Okawaru.
  7857 | D:9      | Reached skill level 11 in Armour
  7937 | Orc:1    | Entered Level 1 of the Orcish Mines
  7937 | Orc:1    | Noticed Fannar
  7951 | Orc:1    | Killed Fannar
  8236 | Orc:2    | Entered Level 2 of the Orcish Mines
  8236 | Orc:2    | Found Ovuzuivy's Antique Weapon Boutique.
  8549 | Orc:2    | Reached skill level 10 in Maces & Flails
  8780 | Orc:2    | Found a roughly hewn altar of Beogh.
  8835 | Orc:2    | Found a staircase to the Elven Halls.
  8851 | Orc:2    | Reached skill level 12 in Armour
  9230 | Orc:2    | Received a gift from Trog
  9230 | Orc:2    | Reached XP level 11. HP: 92/92 MP: 10/10
  9260 | Orc:2    | Noticed an orc knight
  9267 | Orc:2    | Slain by an orc knight

Skill      XL: |  1  2  3  4  5  6  7  8  9 10 |
---------------+-------------------------------+-----
Axes           | 4 5 6 7 8 9 10 | 10.8
Fighting       | 4 5 6 7 |  7.5
Armour         | 3 4 5 6 8 10 12 | 12.2
Stealth        | 1 |  1.4
Dodging        | 3 |  3.8
Maces & Flails | 1 5 8 10 | 10.0

Action                   |  1- 3 |  4- 6 |  7- 9 | 10-12 || total
-------------------------+-------+-------+-------+-------++-------
Melee: Hand axe          |    80 |   132 |    10 |       ||   222
       Headbutt          |    10 |    19 |    50 |    39 ||   118
       Dire flail        |       |       |   302 |   172 ||   474
       Kick              |       |       |    73 |    61 ||   134
       War axe           |       |       |       |    69 ||    69
Invok: Berserk           |     2 |     4 |     2 |     4 ||    12
  Use: Scroll            |     1 |     4 |     5 |     2 ||    12
       Potion            |       |       |     8 |     1 ||     9
 Stab: Sleeping          |     1 |       |       |       ||     1
  Eat: Chunk             |     2 |     8 |     8 |     8 ||    26
       Ration            |       |       |     2 |     2 ||     4
Armor: Animal skin       |    14 |       |       |       ||    14
       Ring mail         |    14 |    16 |       |       ||    30
       Chain mail        |       |    37 |   132 |   100 ||   269
       Plate armour      |       |       |       |    17 ||    17
Dodge: Dodged            |    60 |    58 |   134 |   104 ||   356
